[Event "Skol-SM 2021, grupp A"]
[Site "Helsingborg Arena"]
[Date "2021.10.09"]
[Round "3.1"]
[White "Bensryd, Hampus"]
[Black "Torngren, Gustav"]
[Result "0-1"]
[WhiteElo "1803"]
[BlackElo "2084"]
[ECO "C42"]
[TimeControl "45 minutes + 10 seconds per move from move one."]
[BlackTitle "FM"]
[WhiteFideId "1738330"]
[BlackFideId "1728970"]

1.e4 e5 2.Nf3 Nf6 3.Nxe5 d6 4.Nf3 Nxe4 5.Nc3 Nxc3 6.dxc3 Be7 7.Be3 O-O 8.
Qd2 Nd7 9.O-O-O Nf6 10.Bd3 c5 11.c4 b5 12.cxb5 a6 13.bxa6 Bxa6 14.Bxa6 
Rxa6 15.a3 Qa8 16.c4 Rb8 17.Qc2 Ne4 18.Nd2 Nxd2 19.Bxd2 Rxa3 20.Bf4 Ra2 
21.Rhe1 Bf6 22.Bxd6 Rbxb2 0-1

[Event "Skol-SM 2021, grupp A"]
[Site "Helsingborg Arena"]
[Date "2021.10.09"]
[Round "3.2"]
[White "Troberg Eskola, Love"]
[Black "Skahlberg Bjerknes-Lima de Faria, Warg"]
[Result "1-0"]
[WhiteElo "2007"]
[BlackElo "1540"]
[ECO "A37"]
[TimeControl "45 minutes + 10 seconds per move from move one."]
[WhiteFideId "1724185"]
[BlackFideId "1738100"]

1.Nf3 c5 2.c4 g6 3.Nc3 Bg7 4.g3 Nc6 5.Bg2 Rb8 6.O-O Nf6 7.d4 cxd4 8.Nxd4 
Nxd4 9.Qxd4 a6 10.Qa7 Qc7 11.Be3 d5 12.cxd5 Bf5 13.Bf4 Qc4 14.Qxb8+ Bc8 
15.Qc7 1-0

[Event "Skol-SM 2021, grupp A"]
[Site "Helsingborg Arena"]
[Date "2021.10.09"]
[Round "3.5"]
[White "Stromgard, Martin"]
[Black "Johansson, Sigge"]
[Result "1-0"]
[WhiteElo "1512"]
[BlackElo "1258"]
[ECO "A02"]
[TimeControl "45 minutes + 10 seconds per move from move one."]
[WhiteFideId "1746324"]
[BlackFideId "1742612"]

1.f4 Nc6 2.Nf3 d6 3.e3 Bf5 4.Bb5 a6 5.Bxc6+ bxc6 6.O-O g6 7.Nd4 Qd7 8.Qf3 
Nf6 9.Nxf5 gxf5 10.Nc3 O-O-O 11.d3 Bg7 12.Bd2 h5 13.b4 d5 14.d4 Ne4 15.
Nxe4 fxe4 16.Qe2 Qd6 17.Qxa6+ Kd7 18.a4 Ra8 19.Qe2 f5 20.Rfb1 h4 21.a5 Bf6
22.Be1 Ke6 23.a6 Ra7 24.Ra5 Rha8 25.Rba1 Qd8 26.c3 Qc8 27.Qa2 Kd6 28.Qa4 
e6 29.b5 Qd7 30.Qb4+ 1-0

[Event "Skol-SM 2021, grupp A"]
[Site "Helsingborg Arena"]
[Date "2021.10.09"]
[Round "3.6"]
[White "Sigurdsson, Anton"]
[Black "Al-Sherufi, Haider"]
[Result "1-0"]
[WhiteElo "1183"]
[BlackElo "1466"]
[ECO "C08"]
[TimeControl "45 minutes + 10 seconds per move from move one."]
[WhiteFideId "1764527"]
[BlackFideId "1745212"]

1.e4 e6 2.d4 d5 3.Nd2 c5 4.exd5 exd5 5.dxc5 Bxc5 6.Nb3 Be7 7.Nf3 Nf6 8.h3 
Nc6 9.Bd3 O-O 10.O-O b6 11.c3 Bb7 12.Re1 Re8 13.Bf4 Qd7 14.Nfd4 Bf8 15.
Nxc6 Qxc6 16.Nd4 Rxe1+ 17.Qxe1 Qc8 18.Bc2 Bc5 19.Qd2 Ne4 20.Qd3 Bxd4 21.
Qxd4 Qf5 22.Bh2 Qf6 23.Be5 Qg6 24.f3 Ng3 25.Qf2 Nf5 26.g4 Qe6 27.Re1 Nd6 
28.Bxg7 Qd7 29.Bd4 f5 30.Qh4 Re8 31.Qg5+ Kf8 32.Qf6+ Qf7 33.Qh8+ Qg8 34.
Rxe8+ Nxe8 35.Qxg8+ Kxg8 36.Bxf5 Nd6 37.Bd3 h6 38.Kg2 Kf7 39.Kg3 Ke6 40.
Bg7 Nf7 41.f4 Bc6 42.f5+ Kd6 43.Kf4 a5 44.Bd4 b5 45.h4 Ke7 46.g5 hxg5+ 47.
hxg5 Bd7 48.g6 Nd6 49.f6+ Kf8 50.Bc5 1-0

[Event "Skol-SM 2021, grupp A"]
[Site "Helsingborg Arena"]
[Date "2021.10.09"]
[Round "4.1"]
[White "Torngren, Gustav"]
[Black "Troberg Eskola, Love"]
[Result "1/2-1/2"]
[WhiteElo "2084"]
[BlackElo "2007"]
[ECO "D20"]
[TimeControl "45 minutes + 10 seconds per move from move one."]
[WhiteTitle "FM"]
[WhiteFideId "1728970"]
[BlackFideId "1724185"]

1.d4 d5 2.c4 dxc4 3.e4 e5 4.Nf3 exd4 5.Bxc4 Nc6 6.O-O Be6 7.Bxe6 fxe6 8.
Qb3 Qd7 9.Qxb7 Rb8 10.Qa6 Bd6 11.Nbd2 Nf6 12.b3 e5 13.Ba3 O-O 14.Rac1 Ne7 
15.Nc4 Nxe4 16.Ncxe5 Qf5 17.Bxd6 cxd6 18.Nc6 Nxc6 19.Rxc6 Qg6 20.Ne5 Qf5 
21.Nf3 Qg6 22.Ne5 Qf5 23.Nd3 Rb5 24.a4 1/2-1/2

[Event "Skol-SM 2021, grupp A"]
[Site "Helsingborg Arena"]
[Date "2021.10.09"]
[Round "4.2"]
[White "Muntean, Victor"]
[Black "Stromgard, Martin"]
[Result "1-0"]
[WhiteElo "1932"]
[BlackElo "1512"]
[ECO "B22"]
[TimeControl "45 minutes + 10 seconds per move from move one."]
[WhiteFideId "1054414"]
[BlackFideId "1746324"]

1.e4 c5 2.c3 Nc6 3.d4 cxd4 4.cxd4 d6 5.Nf3 e6 6.d5 Ne5 7.Nxe5 dxe5 8.Be3 
Nf6 9.Nc3 exd5 10.exd5 Bd6 11.Be2 O-O 12.O-O Bf5 13.Rc1 a6 14.Qb3 b5 15.
Rfd1 Bd7 16.Bg5 Re8 17.Ne4 Bf5 18.Bxf6 gxf6 19.Nxd6 Qxd6 20.Rc6 Qe7 21.Qf3
Bg6 22.d6 Qd7 23.Rc7 Qe6 24.a4 e4 25.Qc3 Red8 26.Qc6 Kf8 27.axb5 axb5 28.
Bxb5 Qb3 29.Qd5 Qxd5 30.Rxd5 Ra1+ 31.Bf1 Rb1 32.h4 f5 33.g4 h6 34.h5 Bh7 
35.gxf5 Rxb2 36.Bc4 Bg8 37.Rd4 Rb6 38.d7 Ke7 39.Rc8 Rb8 40.f6+ Kxf6 41.
Rxb8 Ke7 42.Rxe4+ Kxd7 43.Rd4+ Kc7 44.Rbxd8 Bh7 45.Bxf7 Bf5 46.R8d5 Bc8 
47.Rc4+ Kb6 48.Rxc8 Kb7 49.Rc1 Kb6 50.Rd2 Ka6 51.Rb2 1-0

[Event "Skol-SM 2021, grupp A"]
[Site "Helsingborg Arena"]
[Date "2021.10.09"]
[Round "4.3"]
[White "Lindgren, Hugo"]
[Black "Bensryd, Hampus"]
[Result "0-1"]
[WhiteElo "1333"]
[BlackElo "1803"]
[ECO "C55"]
[TimeControl "45 minutes + 10 seconds per move from move one."]
[WhiteFideId "1744933"]
[BlackFideId "1738330"]

1.e4 e5 2.Nf3 Nc6 3.d4 exd4 4.Bc4 Nf6 5.e5 d5 6.Bb5 Ne4 7.Nxd4 Bd7 8.Nd2 
Nxd4 9.Bxd7+ Qxd7 10.Nxe4 dxe4 11.O-O O-O-O 12.Be3 Nc6 13.Qe2 Be7 0-1

[Event "Skol-SM 2021, grupp A"]
[Site "Helsingborg Arena"]
[Date "2021.10.09"]
[Round "4.4"]
[White "Joensson, Oscar"]
[Black "Sigurdsson, Anton"]
[Result "1-0"]
[WhiteElo "1741"]
[BlackElo "1183"]
[ECO "D06"]
[TimeControl "45 minutes + 10 seconds per move from move one."]
[WhiteFideId "1729977"]
[BlackFideId "1764527"]

1.d4 d5 2.Nf3 Bf5 3.c4 e6 4.g3 Nf6 5.Bg2 Nbd7 6.cxd5 exd5 7.O-O Bd6 8.Nc3 
c6 9.Bg5 h6 10.Bxf6 Nxf6 11.a3 O-O 12.b4 a6 13.Nd2 Re8 14.Re1 Qd7 15.Na4 
Qc7 16.Nb3 Re7 17.Rc1 Be4 18.Nac5 Bxg2 19.Kxg2 Ne4 20.Nd3 Rae8 21.a4 Qd7 
22.e3 Ng5 23.Nbc5 Qh3+ 24.Kg1 h5 25.f4 Ne4 26.Qf3 Nf6 27.Ne5 h4 28.Qg2 
Qxg2+ 29.Kxg2 hxg3 30.hxg3 Ne4 31.Nxe4 dxe4 32.Rb1 f5 33.Rh1 1-0

[Event "Skol-SM 2021, grupp A"]
[Site "Helsingborg Arena"]
[Date "2021.10.09"]
[Round "4.6"]
[White "Al-Sherufi, Haider"]
[Black "Kayyali, Isam"]
[Result "0-1"]
[WhiteElo "1466"]
[BlackElo "1603"]
[ECO "B23"]
[TimeControl "45 minutes + 10 seconds per move from move one."]
[WhiteFideId "1745212"]
[BlackFideId "1761706"]

1.e4 c5 2.Nc3 d6 3.f4 Nf6 4.Bc4 e6 5.d3 Be7 6.Nf3 Nc6 7.O-O O-O 8.Qe1 a6 
9.a4 Nb4 10.Bb3 b6 11.f5 exf5 12.Qg3 Nh5 13.Qf2 fxe4 14.Nxe4 Nf6 15.Nfg5 
d5 16.Nxf6+ Bxf6 17.Qg3 c4 18.dxc4 dxc4 19.Bxc4 Bxg5 20.Bxg5 Qd4+ 21.Kh1 
Qxc4 22.Rf4 Qc5 23.Bf6 g6 24.Qh4 h5 25.Rxb4 Bb7 26.Be7 Qxc2 27.Bxf8 Qxg2# 
0-1

[Event "Skol-SM 2021, grupp A"]
[Site "Helsingborg Arena"]
[Date "2021.10.09"]
[Round "5.1"]
[White "Skahlberg Bjerknes-Lima de Faria, Warg"]
[Black "Torngren, Gustav"]
[Result "0-1"]
[WhiteElo "1540"]
[BlackElo "2084"]
[ECO "A15"]
[TimeControl "45 minutes + 10 seconds per move from move one."]
[BlackTitle "FM"]
[WhiteFideId "1738100"]
[BlackFideId "1728970"]

1.c4 g6 2.g3 Bg7 3.Bg2 Nf6 4.Nf3 b6 5.O-O Bb7 6.Nc3 O-O 7.d4 d6 8.Qc2 Nbd7
9.Rd1 e6 10.Bf4 Qe7 11.Rac1 h6 12.b4 e5 13.dxe5 dxe5 14.Nxe5 Bxg2 15.Nxd7 
Bb7 16.Nxf8 Rxf8 17.Nd5 Qe6 18.Nxf6+ Bxf6 19.f3 g5 20.Bd2 Qxe2 21.Bc3 Qxf3
22.Rd5 Qe3+ 23.Kf1 Bxd5 24.cxd5 Qf3+ 25.Kg1 Bxc3 26.Qxc3 Qxd5 27.a3 Rd8 
28.Qxc7 Qd4+ 29.Kh1 Qe4+ 30.Kg1 Rd2 31.Qc8+ Kh7 32.Qh3 Qe3+ 33.Kh1 Qf3+ 
34.Kg1 Qf2+ 35.Kh1 g4 36.Rf1 gxh3 37.Rxf2 Rd1+ 0-1

[Event "Skol-SM 2021, grupp A"]
[Site "Helsingborg Arena"]
[Date "2021.10.09"]
[Round "5.2"]
[White "Troberg Eskola, Love"]
[Black "Muntean, Victor"]
[Result "1/2-1/2"]
[WhiteElo "2007"]
[BlackElo "1932"]
[ECO "E92"]
[TimeControl "45 minutes + 10 seconds per move from move one."]
[WhiteFideId "1724185"]
[BlackFideId "1054414"]

1.Nf3 Nf6 2.c4 g6 3.Nc3 Bg7 4.e4 d6 5.d4 O-O 6.Be2 e5 7.dxe5 dxe5 8.Qxd8 
Rxd8 9.Bg5 Re8 10.Nd5 Nxd5 11.cxd5 c6 12.Bc4 Nd7 13.dxc6 bxc6 14.O-O-O Nc5
15.Nd2 Be6 16.f3 f6 17.Be3 Bf8 18.Bxe6+ Nxe6 19.Nc4 c5 20.Rd7 Red8 21.Rhd1
Nd4 22.Rxd8 Rxd8 23.Bxd4 cxd4 24.Kc2 Kf7 25.Kd3 Ke6 26.Rb1 Be7 27.b4 f5 
28.b5 fxe4+ 29.Kxe4 d3 30.Nxe5 d2 31.Rd1 Bc5 32.Nd3 Bb6 33.Nf4+ Kf7 34.Nd5
Re8+ 35.Kd3 Rd8 36.Kc4 Rc8+ 37.Kb3 Rc5 38.Rxd2 Rxb5+ 39.Ka4 Ra5+ 40.Kb4 
Ke6 41.Nxb6 axb6 42.a4 Rc5 43.h3 h5 44.g3 h4 45.gxh4 Rf5 46.Rg2 Kf6 47.Rc2
Rxf3 48.Rc6+ Kf5 49.Rxb6 Rxh3 50.Rb5+ Kf4 51.Rg5 Rxh4 52.Rg1 g5 1/2-1/2

[Event "Skol-SM 2021, grupp A"]
[Site "Helsingborg Arena"]
[Date "2021.10.09"]
[Round "5.3"]
[White "Bensryd, Hampus"]
[Black "Joensson, Oscar"]
[Result "1-0"]
[WhiteElo "1803"]
[BlackElo "1741"]
[ECO "B10"]
[TimeControl "45 minutes + 10 seconds per move from move one."]
[WhiteFideId "1738330"]
[BlackFideId "1729977"]

1.e4 c6 2.Nc3 d5 3.Qf3 dxe4 4.Nxe4 Nd7 5.Bc4 Ne5 6.Qc3 Nxc4 7.Qxc4 Qd5 8.
Qxd5 cxd5 9.Ng3 e5 10.d4 e4 11.Bf4 Ne7 12.N1e2 Ng6 13.Rc1 b5 14.c3 Be7 15.
Be3 h5 16.Nf4 Nxf4 17.Bxf4 g5 18.Bd2 h4 19.Ne2 f5 20.f4 exf3 21.gxf3 f4 
22.Kf2 h3 23.Rce1 Bf5 24.Nc1 Kf7 25.Re5 Be6 26.Rhe1 Rh6 27.Nd3 g4 28.Bxf4 
Bh4+ 29.Bg3 Bxg3+ 30.Kxg3 gxf3 31.Nf4 Rg8+ 32.Kxf3 Bg4+ 33.Kf2 Ra6 34.Re7+
Kf6 35.Nxd5+ Kg6 36.Rg1 Kh6 37.Re4 Kh5 38.Rf4 Rgg6 39.a3 b4 40.Nxb4 Rae6 
41.Re1 Rxe1 42.Kxe1 Re6+ 43.Kf1 Re2 44.Rf2 Re3 45.Nd5 1-0

[Event "Skol-SM 2021, grupp A"]
[Site "Helsingborg Arena"]
[Date "2021.10.09"]
[Round "5.4"]
[White "Kayyali, Isam"]
[Black "Stromgard, Martin"]
[Result "0-1"]
[WhiteElo "1603"]
[BlackElo "1512"]
[ECO "E01"]
[TimeControl "45 minutes + 10 seconds per move from move one."]
[WhiteFideId "1761706"]
[BlackFideId "1746324"]

1.d4 d5 2.c4 e6 3.Nf3 Nf6 4.g3 c6 5.Bg2 Nbd7 6.Nbd2 Be7 7.O-O O-O 8.b3 Ng4
9.h3 Nh6 10.Bb2 f5 11.Ne5 Nxe5 12.dxe5 Nf7 13.f4 Kh8 14.e3 Bc5 15.Qe2 Nh6 
16.Bd4 Bxd4 17.exd4 dxc4 18.Qxc4 g5 19.Kh2 gxf4 20.Rxf4 Qg5 21.Nf3 Qg7 22.
Rg1 Rg8 23.Bf1 Bd7 24.Qc3 c5 25.dxc5 Bc6 26.Nh4 Rad8 27.Be2 Rd7 28.g4 Qg5 
29.Kg3 Rgd8 30.Nf3 Bxf3 31.Qxf3 Qg7 32.g5 Nf7 33.Kf2 Nxe5 34.Qh5 Ng6 35.
Rf3 Rd2 36.Ke1 Qa1+ 37.Kf2 Rxe2+ 38.Kxe2 Qxg1 39.Re3 Qd1+ 0-1

[Event "Skol-SM 2021, grupp A"]
[Site "Helsingborg Arena"]
[Date "2021.10.09"]
[Round "5.5"]
[White "Tengstrand-Nugent, William"]
[Black "Lindgren, Hugo"]
[Result "0-1"]
[WhiteElo "1103"]
[BlackElo "1333"]
[ECO "C57"]
[TimeControl "45 minutes + 10 seconds per move from move one."]
[WhiteFideId "1750399"]
[BlackFideId "1744933"]

1.e4 e5 2.Nf3 Nc6 3.Bc4 Nf6 4.Ng5 d5 5.exd5 Nxd5 6.Qf3 Qxg5 7.Bxd5 Qg6 8.
d3 Nd4 9.Qd1 c6 10.Be4 Bf5 11.Bf3 Nxf3+ 12.Qxf3 e4 13.dxe4 Bxe4 14.Qe2 
Qxg2 15.Rf1 O-O-O 16.Nc3 Bb4 17.Bd2 Bxc3 18.Bxc3 Bd3 19.cxd3 Rhe8 20.Be5 
f6 21.Kd2 Rxe5 22.Qd1 Qe4 23.Kc2 Rc5+ 24.Kb3 Rxd3+ 25.Qxd3 Qxd3+ 26.Kb4 
Qc4+ 27.Ka3 Ra5# 0-1

[Event "Skol-SM 2021, grupp A"]
[Site "Helsingborg Arena"]
[Date "2021.10.09"]
[Round "6.1"]
[White "Torngren, Gustav"]
[Black "Muntean, Victor"]
[Result "1-0"]
[WhiteElo "2084"]
[BlackElo "1932"]
[ECO "C47"]
[TimeControl "45 minutes + 10 seconds per move from move one."]
[WhiteTitle "FM"]
[WhiteFideId "1728970"]
[BlackFideId "1054414"]

1.e4 e5 2.Nf3 Nc6 3.Nc3 Nf6 4.d4 exd4 5.Nxd4 Nxe4 6.Nxe4 Qe7 7.Bd3 Nxd4 8.
O-O d5 9.Bc4 Nxc2 10.Qxd5 Nxa1 11.Re1 Nc2 12.Bb5+ c6 13.Bxc6+ bxc6 14.
Qxc6+ Qd7 15.Nd6+ Kd8 16.Nxf7+ Qxf7 17.Bg5+ Qf6 18.Re8# 1-0

[Event "Skol-SM 2021, grupp A"]
[Site "Helsingborg Arena"]
[Date "2021.10.09"]
[Round "6.2"]
[White "Bensryd, Hampus"]
[Black "Troberg Eskola, Love"]
[Result "1/2-1/2"]
[WhiteElo "1803"]
[BlackElo "2007"]
[ECO "C00"]
[TimeControl "45 minutes + 10 seconds per move from move one."]
[WhiteFideId "1738330"]
[BlackFideId "1724185"]

1.e4 e6 2.d3 d5 3.Nd2 Nf6 4.g3 Nc6 5.Bg2 dxe4 6.dxe4 Bc5 7.Ngf3 e5 8.O-O 
O-O 9.c3 a5 10.Qc2 b6 11.Nc4 Ba6 12.Rd1 Qe7 13.Ne3 Bxe3 14.Bxe3 Ng4 15.Bg5
f6 16.Bc1 Qc5 17.h3 Nh6 18.Be3 Qe7 19.Bxh6 gxh6 20.Nh4 Rfd8 21.Rxd8+ Rxd8 
22.Rd1 Bc4 23.Nf5 Qf8 24.Rxd8 Nxd8 25.Bf1 Be6 26.b3 Nf7 27.Qd2 Ng5 28.Qe3 
Bxf5 29.exf5 Qa8 30.Bg2 Qd8 31.h4 Qd1+ 32.Kh2 Nf7 33.c4 Qd4 34.Bd5 Kg7 35.
Bxf7 Kxf7 36.Kg2 Qxe3 37.fxe3 Ke7 38.Kf3 h5 39.Ke4 Kd6 40.Kd3 Kc5 41.Kc3 
b5 42.e4 bxc4 43.bxc4 a4 44.a3 h6 45.Kd3 Kd6 46.Kc3 Kc5 47.Kd3 Kd6 48.Kc3 
Kc5 1/2-1/2

[Event "Skol-SM 2021, grupp A"]
[Site "Helsingborg Arena"]
[Date "2021.10.09"]
[Round "6.3"]
[White "Joensson, Oscar"]
[Black "Lindgren, Hugo"]
[Result "1-0"]
[WhiteElo "1741"]
[BlackElo "1333"]
[ECO "E65"]
[TimeControl "45 minutes + 10 seconds per move from move one."]
[WhiteFideId "1729977"]
[BlackFideId "1744933"]

1.d4 Nf6 2.Nf3 g6 3.c4 Bg7 4.Nc3 d6 5.g3 O-O 6.Bg2 Nbd7 7.O-O c5 8.d5 b6 
9.e4 Ba6 10.Qa4 Qc8 11.h3 Rb8 12.Re1 Re8 13.Bf4 Nh5 14.Bg5 h6 15.Be3 Ne5 
16.Nxe5 Bxe5 17.Bxh6 Qb7 18.Bf1 Nf6 19.Bd2 Bd4 20.Kg2 e6 21.Rab1 Kg7 22.f4
Kh7 23.e5 dxe5 24.fxe5 Nd7 25.Bf4 Bxc3 26.bxc3 exd5 27.Kh2 Nf8 28.e6 Rbd8 
29.e7 Bxc4 30.exd8=Q Rxd8 31.Bxc4 dxc4 32.Qxc4 Ne6 33.Rxe6 fxe6 34.Bg5 Re8
1-0

[Event "Skol-SM 2021, grupp A"]
[Site "Helsingborg Arena"]
[Date "2021.10.09"]
[Round "6.4"]
[White "Stromgard, Martin"]
[Black "Skahlberg Bjerknes-Lima de Faria, Warg"]
[Result "0-1"]
[WhiteElo "1512"]
[BlackElo "1540"]
[ECO "B27"]
[TimeControl "45 minutes + 10 seconds per move from move one."]
[WhiteFideId "1746324"]
[BlackFideId "1738100"]

1.e4 c5 2.Nf3 g6 3.Nc3 Bg7 4.Bc4 Nc6 5.O-O Nf6 6.d3 O-O 7.Be3 d6 8.Qd2 Bg4
9.Kh1 Qd7 10.Nh4 a6 11.Bh6 b5 12.Bxg7 Kxg7 13.Bd5 Rab8 14.Bxc6 Qxc6 15.f4 
b4 16.Ne2 Rfc8 17.Ng3 c4 18.e5 Nd7 19.Rae1 cxd3 20.cxd3 Qc2 21.Rf2 Qxd2 
22.Rxd2 dxe5 23.fxe5 b3 24.axb3 Rxb3 25.h3 Be6 26.Kh2 Rcb8 27.Ree2 Nc5 28.
Ne4 Nxd3 29.Nc3 Nxb2 30.Nd1 Nc4 31.Rc2 a5 32.Nf3 Rd8 33.Nc3 Bf5 34.Rc1 Bd3
35.Ree1 Ra8 36.Na4 Rb4 37.Nc5 Bf5 38.Nd4 Nb2 39.Nc6 Rc4 40.Nxe7 Be6 41.
Nxe6+ fxe6 42.Nc6 Rc8 43.Rxc4 Nxc4 44.Nd4 Kf7 45.Ra1 Rc5 46.Ra4 Nxe5 47.
Nb3 Rb5 48.Nxa5 Kf6 49.Nc4 Nc6 50.Nd2 Rb2 51.Nf3 Rb4 52.Ra6 Ne7 53.Kg3 
Nf5+ 54.Kh2 Rb2 55.Rc6 Ne3 56.Ne1 Re2 57.Rc1 Kf5 58.Kg3 Nd5 59.Nf3 Re3 60.
Kf2 Re4 61.Nd2 Ra4 62.Rc2 Nb4 63.Rc7 Ra2 64.Ke1 h5 65.Rb7 Nd3+ 66.Kd1 Nf4 
67.Rf7+ Ke5 68.Nf3+ Ke4 69.Nh4 Kd3 70.Ke1 Nxg2+ 71.Nxg2 Rxg2 72.Kf1 Rg3 
73.Rf6 e5 74.Kf2 Rg5 75.Rf3+ Kd2 76.Ra3 Rf5+ 77.Kg2 e4 78.Ra2+ Ke3 79.Ra3+
Kf4 80.h4 g5 81.hxg5 Rxg5+ 82.Kf2 Rc5 83.Rh3 Rc2+ 84.Ke1 Kg4 85.Re3 Rc4 
86.Re2 Kf3 87.Rf2+ Kg3 88.Rf5 h4 89.Rg5+ Kf4 90.Rh5 Kg4 91.Rh8 Kg3 92.Rg8+
Kf3 93.Rf8+ Ke3 94.Kf1 h3 95.Kg1 Rc2 96.Kh1 Rf2 97.Rh8 Rf3 98.Re8 Kd3 99.
Rd8+ Ke2 100.Kh2 e3 101.Ra8 Kd3 102.Rd8+ Ke2 103.Ra8 Kf2 104.Ra1 e2 105.
Rg1 e1=Q 106.Rg2+ Ke3 107.Rg5 Qf2+ 108.Kh1 Qg2+ 109.Rxg2 hxg2+ 110.Kxg2 
Kf4 0-1

[Event "Skol-SM 2021, grupp A"]
[Site "Helsingborg Arena"]
[Date "2021.10.09"]
[Round "6.6"]
[White "Erhagen, Elliot"]
[Black "Johansson, Sigge"]
[Result "0-1"]
[WhiteElo "1110"]
[BlackElo "1258"]
[ECO "A01"]
[TimeControl "45 minutes + 10 seconds per move from move one."]
[WhiteFideId "1764241"]
[BlackFideId "1742612"]

1.b3 Nc6 2.Bb2 e5 3.e4 Bc5 4.Nf3 d6 5.h3 Nf6 6.d3 O-O 7.Be2 Re8 8.O-O Bd7 
9.Nbd2 Ne7 10.Re1 Ng6 11.Nf1 Nf4 12.Ng3 Bxh3 13.d4 Nxg2 14.dxc5 Nxe1 15.
Qxe1 h5 16.Bf1 Qd7 17.Bxh3 Qxh3 18.Qf1 Qg4 19.Nh2 Qg6 20.Qg2 h4 21.Nf5 
Qxg2+ 22.Kxg2 Nxe4 23.cxd6 cxd6 24.f3 Nc5 25.Nxh4 g6 26.Kf2 Rac8 27.Rd1 
Re6 28.Ng2 Nxb3 29.Ne3 Nc5 30.Nhf1 b5 31.Nd2 f5 32.Nd5 Na4 33.Ba1 Rxc2 34.
Nb4 Rc8 35.Rh1 a5 36.f4 axb4 37.fxe5 dxe5 38.Nf3 Rc2+ 39.Kg3 Nc3 0-1

[Event "Skol-SM 2021, grupp A"]
[Site "Helsingborg Arena"]
[Date "2021.10.10"]
[Round "7.1"]
[White "Joensson, Oscar"]
[Black "Torngren, Gustav"]
[Result "1/2-1/2"]
[WhiteElo "1741"]
[BlackElo "2084"]
[ECO "A40"]
[TimeControl "45 minutes + 10 seconds per move from move one."]
[BlackTitle "FM"]
[WhiteFideId "1729977"]
[BlackFideId "1728970"]

1.d4 b6 2.c4 Bb7 3.Nc3 e6 4.e4 Bb4 5.Qc2 Qh4 6.Bd3 f5 7.g3 Qh5 8.Be2 Qf7 
9.Bf3 Nc6 10.Ne2 fxe4 11.Bxe4 Nf6 12.d5 Nxe4 13.Qxe4 O-O 14.O-O exd5 15.
Qxd5 Nd8 16.Qxf7+ Nxf7 17.Nd5 Bc5 18.Bf4 g5 19.Bxc7 Bxd5 20.cxd5 Rac8 21.
d6 Rce8 22.Nc3 Ne5 23.Rad1 Re6 24.Kg2 Ng4 25.Rd2 Be3 26.Re2 Ref6 27.f3 Bd4
28.Nd5 R6f7 29.Re7 Ne5 30.Rxf7 Kxf7 31.f4 Ke6 32.Ne7 gxf4 33.gxf4 Ng4 34.
f5+ Kf7 35.Rf4 Ne3+ 36.Kf3 Nc2 37.Kg4 h5+ 38.Kf3 Bxb2 39.Ra4 Nd4+ 40.Ke4 
Nb5 41.Rb4 Nc3+ 42.Kd3 Ba1 43.Rb3 Na4 44.Ra3 Nc5+ 45.Kc4 1/2-1/2

[Event "Skol-SM 2021, grupp A"]
[Site "Helsingborg Arena"]
[Date "2021.10.10"]
[Round "7.2"]
[White "Skahlberg Bjerknes-Lima de Faria, Warg"]
[Black "Bensryd, Hampus"]
[Result "1/2-1/2"]
[WhiteElo "1540"]
[BlackElo "1803"]
[ECO "A29"]
[TimeControl "45 minutes + 10 seconds per move from move one."]
[WhiteFideId "1738100"]
[BlackFideId "1738330"]

1.c4 e5 2.g3 Nf6 3.Bg2 d5 4.cxd5 Nxd5 5.Nc3 Nb6 6.Nf3 Nc6 7.O-O Be7 8.d3 
O-O 9.a3 Be6 10.Rb1 f6 11.b4 a5 12.b5 Na7 13.Qc2 c6 14.bxc6 bxc6 15.Be3 
Nd5 16.Nxd5 Bxd5 17.a4 Qd7 18.Nd2 Rfb8 19.Bc5 Nc8 20.Bxe7 Nxe7 21.Nc4 Qc7 
22.Rfc1 Kf7 23.Ne3 Rxb1 24.Rxb1 Rb8 25.Bxd5+ Nxd5 26.Rxb8 Qxb8 27.Qxc6 
Qb1+ 28.Kg2 Nxe3+ 29.fxe3 Qe1 30.Qd7+ Kf8 31.Qd8+ Kf7 32.Qd5+ Ke7 33.Qa2 
Qc1 34.Kf2 Qh1 35.h4 Qh2+ 36.Kf3 h5 37.Qg8 Qh1+ 38.Kf2 Qh2+ 39.Kf3 Qh1+ 
40.Kf2 1/2-1/2

[Event "Skol-SM 2021, grupp A"]
[Site "Helsingborg Arena"]
[Date "2021.10.10"]
[Round "7.4"]
[White "Muntean, Victor"]
[Black "Johansson, Sigge"]
[Result "1-0"]
[WhiteElo "1932"]
[BlackElo "1258"]
[ECO "B22"]
[TimeControl "45 minutes + 10 seconds per move from move one."]
[WhiteFideId "1054414"]
[BlackFideId "1742612"]

1.e4 c5 2.c3 d5 3.exd5 Qxd5 4.d4 cxd4 5.cxd4 Nc6 6.Nf3 g6 7.Nc3 Qd8 8.d5 
Nb8 9.Bf4 a6 10.Rc1 Nf6 11.Na4 Nbd7 12.Bc7 Nb8 1-0

[Event "Skol-SM 2021, grupp A"]
[Site "Helsingborg Arena"]
[Date "2021.10.10"]
[Round "7.5"]
[White "Lindgren, Hugo"]
[Black "Kayyali, Isam"]
[Result "0-1"]
[WhiteElo "1333"]
[BlackElo "1603"]
[ECO "B86"]
[TimeControl "45 minutes + 10 seconds per move from move one."]
[WhiteFideId "1744933"]
[BlackFideId "1761706"]

1.e4 c5 2.Nf3 d6 3.d4 cxd4 4.Nxd4 Nf6 5.Nc3 a6 6.Bc4 e6 7.Bb3 Be7 8.f4 O-O
9.Qf3 Nbd7 10.Bxe6 fxe6 11.Nxe6 Qb6 12.Nxf8 Nxf8 13.h3 Bd7 14.Rf1 Bc6 15.
Nd5 Bxd5 16.exd5 Qa5+ 17.Bd2 Qxd5 18.Qxd5+ Nxd5 19.O-O-O Rc8 20.Rfe1 Bh4 
21.Re4 Nd7 22.Be1 Bxe1 23.Rdxe1 Nc5 24.Rd4 Nxf4 25.Rxf4 Nd3+ 26.Kd2 Nxf4 
27.Rg1 Re8 28.h4 Re2+ 0-1

[Event "Skol-SM 2021, grupp A"]
[Site "Helsingborg Arena"]
[Date "2021.10.10"]
[Round "7.6"]
[White "Sigurdsson, Anton"]
[Black "Stromgard, Martin"]
[Result "1/2-1/2"]
[WhiteElo "1183"]
[BlackElo "1512"]
[ECO "B01"]
[TimeControl "45 minutes + 10 seconds per move from move one."]
[WhiteFideId "1764527"]
[BlackFideId "1746324"]

1.e4 d5 2.exd5 Qxd5 3.Nc3 Qa5 4.d4 c6 5.Bc4 Nf6 6.h3 e6 7.Nf3 Bd6 8.O-O 
O-O 9.Bb3 Qc7 10.Re1 a6 11.Ne4 Nxe4 12.Rxe4 Rd8 13.c3 c5 14.Qe1 Nd7 15.Bg5
Nf6 16.Rh4 Be7 17.Bc2 h6 18.Bxf6 Bxf6 19.Rh5 cxd4 20.Qe4 dxc3 21.bxc3 Qxc3
22.Rb1 Rb8 23.Bb3 b5 24.Qg4 Kf8 25.Re1 Rd6 26.Qf4 Rbb6 27.Rc1 Qb2 28.Rxc8+
Ke7 29.Rhc5 Rd7 30.R8c7 Rd6 31.Rxd7+ Rxd7 32.Rc7 Kd8 33.Rxd7+ Kxd7 34.Qd2+
Qxd2 35.Nxd2 Kc6 36.Kf1 Be7 37.Ke2 Kc5 38.Kd3 Kb4 39.Nb1 Bd6 40.Bd1 a5 41.
Kd4 Bc5+ 42.Ke5 Be7 43.f3 Kc5 44.Be2 Bd6+ 45.Ke4 Be7 46.Nc3 b4 47.Nb1 Bf6 
48.Kd3 a4 49.Bd1 Kb5 50.Nd2 Bc3 51.Ne4 Be5 52.Nd2 Bf6 53.Nc4 Be7 54.Nb2 a3
55.Nc4 Bf8 56.Bb3 f6 57.Ke4 Kc5 58.g4 Be7 59.h4 g5 60.hxg5 hxg5 61.f4 gxf4
62.Kxf4 Kc6 63.Ke4 Kd7 64.Kd4 Kc7 65.Ne3 Kd7 66.Kc4 Bf8 67.Nc2 f5 68.gxf5 
exf5 69.Nxb4 Ke6 70.Nd3 Bd6 71.Kd4+ Kf6 72.Ke3 Kg5 73.Kf3 Kf6 74.Bc2 Kg5 
75.Ne1 Bb4 76.Ng2 Bd6 77.Ne3 f4 78.Nc4 Be7 79.Ne5 Kf6 80.Nc6 Bd6 81.Nd4 
Be5 82.Nc6 Bd6 83.Kg4 Ke6 84.Bf5+ Kd5 85.Nd8 Kd4 86.Kf3 Kd5 87.Nf7 Bc7 88.
Nh8 Ke5 89.Bc2 Kf6 90.Ng6 Kg5 91.Ne7 Bd6 92.Nc6 Bc7 93.Nd4 Be5 94.Ne6+ Kf6
95.Nxf4 Ke7 96.Nd3 Bd6 97.Ke4 Kd7 98.Kd4 Kc6 99.Kc4 Kb6 100.Kb3 Ka5 101.
Bd1 Kb5 102.Ne1 Kc5 103.Nc2 Kd5 104.Nxa3 Ke4 105.Nb5 Be7 106.Kc4 Ke3 107.
a4 Bd8 108.Kc5 Kd2 109.Bf3 Ke3 110.Bd5 Kd3 111.Nd6 Ba5 112.Nb7 Bd2 113.Kb5
Kd4 114.Bc6 Ke5 115.Nc5 Kf4 116.Nd3+ Kf5 117.Nb4 Ke6 118.a5 Kd6 119.Bb7 
Kc7 120.a6 Kb8 121.Nc6+ Kc7 122.Kc5 Be3+ 123.Kd5 Bf2 124.Na5 Kb6 125.Nc4+ 
Kc7 126.Ke6 Bc5 127.Ne5 Bd4 128.Kd5 Bf2 129.Nd3 Bg1 130.Nc5 Kb6 131.Nd7+ 
Kc7 132.Ke6 Bf2 133.Ke7 Be3 134.Ne5 Bc5+ 135.Ke8 Bd4 136.Nc4 Bf2 137.Na3 
Be3 138.Nb5+ Kb8 139.Kd7 Bf2 140.Nd6 Be3 141.Nc4 Bf2 142.Na5 Ka7 143.Nc6+ 
Kb6 144.a7 Kxb7 145.Kd8 Kb6 1/2-1/2

[Event "Skol-SM 2021, grupp A"]
[Site "Helsingborg Arena"]
[Date "2021.10.10"]
[Round "8.1"]
[White "Kayyali, Isam"]
[Black "Torngren, Gustav"]
[Result "0-1"]
[WhiteElo "1603"]
[BlackElo "2084"]
[ECO "D11"]
[TimeControl "45 minutes + 10 seconds per move from move one."]
[BlackTitle "FM"]
[WhiteFideId "1761706"]
[BlackFideId "1728970"]

1.d4 d5 2.c4 dxc4 3.Nf3 c6 4.g3 Nf6 5.Bg2 g6 6.Ne5 Bg7 7.Nxc4 O-O 8.O-O 
Nbd7 9.Nc3 Nb6 10.Nxb6 Qxb6 11.e3 Bg4 12.Qc2 Rfd8 13.Na4 Qc7 14.b3 e5 15.
h3 Be6 16.dxe5 Qxe5 17.Bb2 Qh5 18.g4 Qa5 19.Rad1 Rxd1 20.Rxd1 Re8 21.Nc5 
Bc8 22.Bxf6 Bxf6 23.Ne4 Be5 24.Nd6 Bxd6 25.Rxd6 Be6 26.Qd2 Qxd2 27.Rxd2 a5
28.Kf1 Ra8 29.Be4 a4 30.Bc2 a3 31.Ke2 Kf8 32.f4 f5 33.gxf5 gxf5 34.Kf3 Ke7
35.Rf2 Bd5+ 36.Ke2 Kf6 37.Kd2 b5 38.Kc1 Rg8 39.Kd2 Rg1 40.Rh2 0-1